 Dungeon Crawl Stone Soup version 0.27.1-33-g824d729ab1 (webtiles) character file.

Game seed: 18177000035301581306

135 SensoryNuts the Skirmisher (level 5, 0/57 HPs)
             Began as an Ogre Monk on Dec 6, 2021.
             Was a Priest of Kikubaaqudgha.
             Slain by Edmund (2 damage)
             ... on level 4 of the Dungeon.
             The game lasted 00:05:22 (3232 turns).

SensoryNuts the Skirmisher (Ogre Monk)              Turns: 3232, Time: 00:05:22

Health: 0/57       AC: 11    Str: 16    XL:     5   Next: 18%
Magic:  5/5        EV:  2    Int: 11    God:    Kikubaaqudgha [***...]
Gold:   104        SH:  6    Dex: 11    Spells: 4/4 levels left

rFire    + . .     SeeInvis .   a - +0 hand axe
rCold    . . .     Faith    .   j - +0 kite shield
rNeg     . . .     Spirit   .   l - +0 shadow dragon scales
rPois    .         Reflect  .   (helmet restricted)
rElec    .         Harm     .   (no cloak)
rCorr    .         Rampage  .   (gloves unavailable)
Will     .....                  (boots unavailable)
Stlth    +++.......             (no amulet)
HPRegen  0.19/turn              o - ring of protection from fire
MPRegen  0.09/turn              (no ring)

@: hasted, very quick
A: large, unfitting armour, tough skin 1
a: Renounce Religion, Receive Corpses


You were on level 4 of the Dungeon.
You worshipped Kikubaaqudgha.
Kikubaaqudgha was most pleased with you.
You visited 1 branch of the dungeon, and saw 4 of its levels.

You collected 104 gold pieces.

Inventory:

Hand Weapons
 a - a +0 hand axe (weapon)
 n - a +0 whip
Armour
 b - a +0 robe
 j - a +0 kite shield (worn)
 l - +0 shadow dragon scales (worn)
 m - a +0 ring mail
Jewellery
 o - a ring of protection from fire (left hand)
Scrolls
 c - a scroll of magic mapping {unknown}
 d - a scroll of amnesia {unknown}
 e - 4 scrolls of identify {unknown}
 f - 2 scrolls of enchant armour {unknown}
 g - 3 scrolls of teleportation {unknown}
 k - a scroll of immolation {unknown}
 q - a scroll of fear {unknown}


   Skills:
 + Level 5.1 Fighting
 + Level 4.3 Axes
 + Level 0.3 Armour
 + Level 3.2 Dodging
 + Level 1.8 Stealth
 + Level 0.2 Shields


You had 4 spell levels left.
You didn't know any spells.
Your spell library contained the following spells:

 Spells                   Type           Power      Damage    Failure   Level
 Pain                     Necr           0%         1d4       100%        1
 Call Imp                 Summ           0%         N/A       100%        2
 Corpse Rot               Necr/Air       N/A        N/A       100%        2
 Sublimation of Blood     Necr           0%         N/A       100%        2
 Summon Guardian Golem    Hex/Summ       0%         N/A       100%        3
 Vampiric Draining        Necr           0%         2d6       100%        3
 Animate Dead             Necr           0%         N/A       100%        4
 Dispel Undead            Necr           0%         3d6       100%        4
 Agony                    Necr           0%         N/A       100%        5
 Excruciating Wounds      Necr           0%         N/A       100%        5
 Simulacrum               Ice/Necr       0%         N/A       100%        6
 Lehudib's Crystal Spear  Conj/Erth      0%         10d2      100%        8


Dungeon Overview and Level Annotations

Branches:
Dungeon (4/15)
 Temple: D:4-7

Altars:
Kikubaaqudgha

Shops:
D:3 ?

Annotations:
D:4 Edmund


Innate Abilities, Weirdness & Mutations

You are too large for most types of armour.
You have tough skin. (AC +1)


Message History

You are too injured to fight recklessly!
You are too injured to fight recklessly!
You are too injured to fight recklessly!
You are too injured to fight recklessly!
You are too injured to fight recklessly!
You are too injured to fight recklessly!
You are too injured to fight recklessly!
You are too injured to fight recklessly!
You are too injured to fight recklessly!
You are too injured to fight recklessly!
You feel better. Edmund hits you but does no damage.
You hit Edmund.
Edmund is lightly wounded.
Edmund hits you with a +1 flail of holy wrath. x2
You hit Edmund but do no damage.
Edmund is lightly wounded.
Edmund hits you with a +1 flail of holy wrath. x2
You hit Edmund.
Edmund is moderately wounded.
Edmund hits you but does no damage.
Edmund hits you with a +1 flail of holy wrath!
* * * LOW HITPOINT WARNING * * *
Edmund hits you but does no damage.
You hit Edmund but do no damage.
Edmund is moderately wounded.
Edmund hits you but does no damage. x2
You hit Edmund but do no damage.
Edmund is moderately wounded.
Edmund hits you with a +1 flail of holy wrath.
* * * LOW HITPOINT WARNING * * *
Edmund hits you with a +1 flail of holy wrath.
* * * LOW HITPOINT WARNING * * *
You feel yourself speed up.
Edmund hits you with a +1 flail of holy wrath!
* * * LOW HITPOINT WARNING * * *
Unknown command.
Edmund says, "People accused me of being a cutpurse!"
Edmund hits you with a +1 flail of holy wrath.
You die...
Kikubaaqudgha rasps: "You have failed me!
Welcome... death!"

###########
#...).....#
#......@..#
#.....@...#
#[†.......#
#.........#
#<........#
#.........#
#.........#
#..........
#......>..##
#########.


You could see Edmund (fast).

Vanquished Creatures
  A centaur skeleton (D:4)
  5 adders
  2 worms
  A dart slug (D:1)
  An orc (D:3)
  4 endoplasms
  2 giant cockroaches (D:3)
  4 goblins
  3 hobgoblins
  7 jackals
  2 quokkas
  7 ball pythons
  2 bats (D:2)
  A frilled lizard (D:1)
  3 kobolds
  8 rats
53 creatures vanquished.

Vanquished Creatures (others)
  5 plants (D:2)
5 creatures vanquished.

Grand Total: 58 creatures vanquished

Notes
Turn   | Place    | Note
-------+----------+-------------------------------------------
     0 | D:1      | SensoryNuts the Ogre Monk began the quest for the Orb.
     0 | D:1      | Reached XP level 1. HP: 24/24 MP: 1/1
   171 | D:1      | Reached XP level 2. HP: 28/33 MP: 2/2
   357 | D:1      | Got the Incunabulum of Clay and the Entourage
  1294 | D:2      | Reached XP level 3. HP: 21/40 MP: 3/3
  1810 | D:2      | Reached XP level 4. HP: 49/49 MP: 4/4
  1945 | D:2      | Found a faded altar of an unknown god.
  2443 | D:2      | Became a worshipper of Kikubaaqudgha
  2443 | D:2      | Reached * piety under Kikubaaqudgha
  2443 | D:2      | Received a gift from Kikubaaqudgha
  2443 | D:2      | Reached ** piety under Kikubaaqudgha
  2690 | D:3      | Reached skill level 5 in Fighting
  2795 | D:3      | Reached *** piety under Kikubaaqudgha
  2795 | D:3      | Received a gift from Kikubaaqudgha
  2981 | D:3      | Found Reteutta's Magic Scroll Emporium.
  3208 | D:4      | Reached XP level 5. HP: 36/57 MP: 5/5
  3208 | D:4      | Noticed Edmund
  3230 | D:4      | HP: 2/57 [Edmund (10)]
  3232 | D:4      | Slain by Edmund

Illustrated notes

Levels and vault maps discovered:
D:1:      amcnicky_arrival_blooded_trapdoor, layout_basic, minmay_domino_2
D:2:      layout_rooms, hellmonk_ecumenical_altar_prayer_group,
          serial_bayou_pond_c, minmay_shallow_snake_nest
D:3:      layout_basic, serial_shops, shop
D:4:      layout_rooms, minmay_fractal_squares_5, uniq_crazy_yiuf_cottage,
          uniq_edmund, uniq_purgy

Skill      XL: |  1  2  3  4 |
---------------+-------------+-----
Dodging        | 3 |  3.2
Fighting       | 5 |  5.1
Axes           | 4 |  4.3
Armour         | |  0.3
Stealth        | |  1.8
Shields        | |  0.2

Action                   |  1- 3 |  4- 6 || total
-------------------------+-------+-------++-------
Melee: Hand axe          |    93 |    85 ||   178
  Use: Potion            |       |     6 ||     6
 Stab: Sleeping          |     4 |     4 ||     8
Armor: Robe              |    30 |    17 ||    47
       Skin              |       |    60 ||    60
       Shadow dragon sca |       |    63 ||    63
Dodge: Dodged            |    82 |    56 ||   138
Block: Kite shield       |       |    33 ||    33
